← All builds
Tech / Armada / Economy first / OBSERVED BUILD

Standard tech

Armada Tech (Eco) build order · Supreme Isthmus

Rushes T2 by 4:15, gets Advanced Metal Extractor around 5:28, hands off T2 constructors to Geo and the team, then scales eco and supplies the team's T2 needs through the rest of the game.

Usually first T2 con to Geo (83%)

#eco #t2 #team support · 1591 distinct matches · 254 players · 60% of Armada Tech games · team won 53% of 1901 · Recently observed

HOW TO PLAY IT

Key timing: T2 factory by 4:15

  1. Open 3 mex and heavy wind to fund a fast T2 rush.
  2. Put down Bot Lab, planning to eat it for reclaim soon after.
  3. Get Advanced Bot Lab up, hitting the T2 factory rush timing.
  4. Upgrade mex to Advanced Metal Extractor to lock in team metal income.
  5. Eat Advanced Bot Lab and keep sending cons to Geo and Pond.

Phase by phase

TYPICAL OF ITS 1591 GAMES
  1. 1
  2. 2
  3. 3
  4. 4
PLAY THE OPENING

Follow the example game's first 6:00 step by step: what to build now, what comes next, and where it goes. At 1× it keeps pace with your own game.

  1. 1

    Up to the Bot Lab

    Economy
    • Metal Extractor3Mex
    • Wind Turbine4Wind
    Order
    1. Bot LabBot Lab after 3 mex, 4 winddone ~1:18, middle half 1:13–1:32

    Some games also: energy storage (31%)

    By 1:01 in all: 3 mex · 4 wind

    The example game in this phase · 5 steps
    1. Mex ×3
    2. Wind ×3
    3. Energy storage
    4. Wind
    5. Bot LabBot Labdone 1:30 · typical 1:18
  2. 2

    Bot Lab to Advanced Bot Lab

    Economy
    • Metal Extractor1Mex
    • Wind Turbine8Wind
    • Energy Storage1Energy storage
    Order
    1. Advanced Bot LabAdvanced Bot Lab after 4 mex, 12 wind, 3 con turretdone ~4:16, middle half 4:04–4:30
    Builders
    • Construction Turret3 Con turret
    • Lazarus3 Lazarus
    • Construction Bot2 Con bot
    • Construction Bot1 Con bot for allies

    Some games also: converter (36%)

    By 3:18 in all: 4 mex · 12 wind · 1 energy storage · 3 con turret

    The example game in this phase · 11 steps
    1. Wind
    2. Construction BotCon bot
    3. LazarusLazarus ×2
    4. LazarusLazarusfor Air
    5. Construction BotCon bot
    6. Mex
    7. LazarusLazarus
    8. Con turret
    9. Wind
    10. Con turret
    11. Advanced Bot LabAdvanced Bot Labdone 4:04 · typical 4:16
  3. 3

    Advanced Bot Lab to 5:00

    Economy
    • Wind Turbine3Wind
    Order
    1. Bot LabEat Bot Lab
    Builders
    • Advanced Construction Bot1 T2 con bot for allies

    Some games also: converter (35%)

    By 5:00 in all: 4 mex · 15 wind · 1 converter · 1 energy storage · 3 con turret

    The example game in this phase · 10 steps
    1. Wind
    2. Converter ×3
    3. Bot LabEat Bot Labreclaimed for its metal
    4. Wind ×6
    5. Advanced Construction BotT2 con botfor Geo
    6. Wind
    7. Advanced Construction BotT2 con botfor Air
    8. Wind ×5
    9. Advanced Metal ExtractorT2 mexdone 5:42 · typical 5:28
    10. Wind ×2
  4. 4

    5:00 to 10:00

    Economy
    • Wind Turbine43Wind
    • Energy Converter6Converter
    Builders
    • Butler9 Butler
    • Advanced Construction Bot4 T2 con bot for allies
    • Advanced Construction Bot1 T2 con bot

    Some games also: con turret (43%) · Butler for allies (37%)

    By 10:00 in all: 4 mex · 58 wind · 8 converter · 1 energy storage · 3 con turret

    The example game in this phase · 218 steps
    1. Advanced Metal ExtractorT2 mex ×3
    2. ButlerButler ×2
    3. Advanced Construction BotT2 con botfor Pond
    4. Windfor Beach sea
    5. ButlerButler
    6. Windfor Beach sea
    7. Advanced Metal ExtractorT2 mex
    8. ButlerButler
    9. Windfor Beach sea
    10. ButlerButler
    11. Wind ×2for Beach sea
    12. ButlerButler
    13. Wind ×2for Beach sea
    14. Advanced Construction BotT2 con botfor Geo sea
    15. Wind ×2for Beach sea
    16. ButlerButler
    17. Wind ×2for Beach sea
    18. ButlerButler
    19. Converter
    20. Wind ×2for Beach sea
    21. Converter
    22. Windfor Beach sea
    23. Advanced Construction BotT2 con botfor Beach sea
    24. Windfor Beach sea
    25. Wind
    26. Converter
    27. Wind
    28. Windfor Beach sea
    29. Wind
    30. Windfor Beach sea
    31. Wind
    32. Converter
    33. Windfor Beach sea
    34. Wind ×3
    35. Windfor Beach sea
    36. Converter
    37. Wind
    38. Windfor Beach sea
    39. Wind
    40. Windfor Beach sea
    41. Converter
    42. Wind ×2
    43. Windfor Beach sea
    44. Wind ×2
    45. Windfor Beach sea
    46. Converter
    47. Wind ×2
    48. Windfor Beach sea
    49. Wind
    50. ButlerButler
    51. Converter
    52. Wind ×2
    53. Windfor Beach sea
    54. Wind
    55. ButlerButler
    56. Wind ×2
    57. Windfor Beach sea
    58. Converter
    59. Wind ×2
    60. ButlerButler
    61. Windfor Beach sea
    62. Wind ×3
    63. Windfor Beach sea
    64. ButlerButler
    65. Converter
    66. Wind ×5
    67. ButlerButler
    68. Wind ×3
    69. Converter
    70. Wind ×3
    71. ButlerButler
    72. Wind ×5
    73. Converter
    74. Wind ×5
    75. Converter
    76. Wind
    77. ButlerButler
    78. Wind ×3
    79. Converter
    80. Wind ×4
    81. ButlerButler
    82. Converter
    83. Wind ×4
    84. Converter
    85. Wind
    86. Advanced Construction BotT2 con bot
    87. Wind ×2
    88. Con turret
    89. Wind
    90. Converter
    91. Wind ×4
    92. Converter
    93. Wind ×4
    94. RecluseReclusenot finished by 15:00
    95. Wind
    96. Con turret
    97. Converter
    98. Wind ×2
    99. Converter
    100. Wind ×2
    101. Fusion ReactorFusiondone 13:08
    102. Wind ×2
    103. Con turret
    104. Wind
    105. UmbrellaAnti-nukedone 11:30
    106. Wind
    107. Converter
    108. Wind ×2
    109. Converter
    110. Wind ×2
    111. Con turret
    112. Wind ×5
    113. Converter
    114. Wind
    115. Converter
    116. Wind ×7
    117. Converter
    118. Con turret
    119. Converter
    120. Wind ×5
    121. Converter
    122. Wind
    123. Converter
    124. Wind ×3
    125. Converter
    126. Wind
    127. Converter
    128. Wind ×2
    129. Converter
    130. Wind ×3
    131. Converter
    132. Wind ×3
    133. Converter
    134. Wind
    135. Converter
    136. Wind ×2
    137. Con turret
    138. Wind ×2
    139. Converter
    140. Wind ×2
    141. Converter
    142. Wind ×4
    143. Converter ×2
    144. Wind ×2
    145. Converter
    146. Wind ×2
    147. Converter
    148. Wind
    149. Converter
    150. Wind ×3
    151. Converter
    152. Wind
    153. Converter
    154. Wind ×2
    155. Converter ×2
    156. Wind ×5
    157. Converter ×3
    158. Wind ×4
    159. Converter ×2
    160. Wind
    161. PlatypusPlatypus
    162. Wind
    163. Converter
    164. Wind ×4
    165. Converter
    166. Wind
    167. Converter
    168. Wind
    169. PlatypusPlatypus
    170. Wind ×3
    171. Converter
    172. Wind
    173. Converter
    174. PlatypusPlatypus
    175. Wind
    176. T2 converter
    177. Wind ×2
    178. Converter
    179. Wind
    180. PlatypusPlatypus
    181. Wind ×3
    182. Converter ×2
    183. Wind ×6
    184. Converter
    185. Wind
    186. Converter
    187. PlatypusPlatypus
    188. Wind ×2
    189. Converter
    190. Wind ×4
    191. Converter
    192. Wind
    193. Converter
    194. T2 converter
    195. Wind ×3
    196. PlatypusPlatypus
    197. Converter
    198. Wind ×5
    199. Converter
    200. Wind
    201. Converter
    202. Wind ×4
    203. Converter
    204. Wind ×2
    205. PlatypusPlatypus
    206. Converter
    207. Wind ×2
    208. Converter
    209. Wind ×2
    210. Converter ×2
    211. Wind ×2
    212. TracerTracer
    213. PlatypusPlatypus
    214. Converter
    215. Wind ×2
    216. Converter
    217. Wind ×2
    218. Converter

Counts are medians over the build's games: half of them build more, half fewer. The example game is Jockeljkl's (31 OS, 13/09/2026); pick another.

Team trades

IN AT LEAST 30% OF ITS GAMES

You hand over

  • Construction Bot1 Con bot to Airfirst at 2:23 · in 84% of games
  • Advanced Construction Bot5 T2 con bot to Air or Pond or Geo seafirst at 4:50 · in 99% of games
  • Butler2 Butler to Geo sea or Beach sea or Pondfirst at 9:06 · in 42% of games

You get

  • Hercules1 Light transport from Airfirst at 4:01 · in 86% of games

How it plays out

Typical game of this build, running totals by minute

Metal produced

020k40k
0:005:0010:0015:00

metal

Enemy metal destroyed

050100150
0:005:0010:0015:00

metal

Own metal lost

050100150
0:005:0010:0015:00

metal

1901 games.

Show as table
ByMetal produced: This buildEnemy metal destroyed: This buildOwn metal lost: This build
1:0038300
2:0091500
3:00165200
4:00314400
5:00484800
6:00580200
7:00723000
8:00906500
9:001117900
10:001352400
11:001624200
12:001965200
13:002342800
14:0027285074
15:0031507115130
WHAT THE NUMBERS SAY

Standard Tech play barely fights at all early, instead pouring metal into T2 infrastructure and constructors for the team.

  • + Metal produced hits 31679 by 15:00, by far the highest of any role here.
  • + T2 factory reached in 97% of games by 4:15, fastest and most reliable T2 timing.
  • − Enemy metal destroyed stays at 0 through 10:00, no early offense at all.
  • − Own metal lost also near 0, showing total avoidance of combat risk.
THE EXAMPLE YOU ARE READING

Jockeljkl

30.8 OS · 13/09/2026

Open source match ↗

1 received units
2738 metal received · 85448 energy received

Allied construction assistance is unknown. Timings are observations, not a promise of solo reproducibility.

Typical milestones

Bot Lab1:18Middle 50%: 1:13–1:32 · n=1901
Advanced Bot Lab4:16Middle 50%: 4:04–4:30 · n=1894
Advanced Metal Extractor5:28Middle 50%: 5:05–5:59 · n=1897

Played most by

Amrissa97games of this buildTheGeneraI70games of this buildAdeus57games of this buildEl_Turco55games of this buildKOT_45games of this build